 Dungeon Crawl Stone Soup version 0.29.1-15-g9cfb28693d (webtiles) character file.

Game seed: 6655507835968273741

20509 protoss039 the Covert (level 12, -1/61 HPs)
             Began as a Spriggan Enchanter on Mar 10, 2023.
             Was a High Priest of Dithmenos.
             Slain by a seven-headed hydra (9 damage)
             ... on level 1 of the Lair of Beasts.
             The game lasted 00:39:20 (13612 turns).

protoss039 the Covert (Spriggan Enchanter)         Turns: 13612, Time: 00:39:22

Health: -1/61      AC:  9    Str:  4    XL:     12   Next: 46%
Magic:  17/25      EV: 23    Int: 17    God:    Dithmenos [*****.]
Gold:   967        SH:  8    Dex: 20    Spells: 12/27 levels left

rFire   . . .      SeeInvis +   m - +1 dagger (venom)
rCold   + . .      Faith    .   v - +0 buckler
rNeg    . . .      Spirit   .   n - +2 robe {Archmagi}
rPois   .          Reflect  .   G - +2 hat
rElec   .          Harm     .   y - +2 cloak
rCorr   .          Rampage  .   (gloves unavailable)
Will    +++..      Archmagi +   (boots unavailable)
Stlth   ++++++++..              p - amulet of regeneration
HPRegen 1.00/turn               V - ring of willpower
MPRegen 0.19/turn               D - ring of protection from cold

@: confusing by touch, slowed, wreathed by umbra, quick
A: very small, no large weapons, unfitting armour, see invisible, speed 3
a: Renounce Religion, Shadow Step, Shadow Form


You were on level 1 of the Lair of Beasts.
You worshipped Dithmenos.
Dithmenos was extremely pleased with you.
You visited 3 branches of the dungeon, and saw 15 of its levels.
You also visited: Sewer and Bailey.

You collected 967 gold pieces.

Inventory:

Hand Weapons
 m - a +1 dagger of venom (weapon)
 M - the +7 staff of the Meek {protect, meekguard}
   (You took it off a gnoll bouda on level 6 of the Dungeon)

   It grants its wielder temporary protection when it strikes (+7 to AC).
   It provides extra protection to wielders with little health.
Missiles
 s - 28 poisoned darts (quivered)
 U - 2 curare-tipped darts
Armour
 n - a +2 robe of the Archmagi (worn)
 v - a +0 buckler (worn)
 y - a +2 cloak (worn)
 F - a +2 robe of willpower
 G - a +2 hat (worn)
 L - the +1 cloak of the Eternal Fruit {-Cast rN+ rCorr}
   (You found it on level 6 of the Dungeon)

   rN:        It protects you from negative energy.
   -Cast:     It prevents spellcasting.
   rCorr:     It protects you from acid and corrosion.
 W - the +0 buckler "Hero's Friend" {Will+ rCorr Str-5 Stlth+}
   (You took it off an orc on level 12 of the Dungeon)

   Str:       It affects your strength (-5).
   rCorr:     It protects you from acid and corrosion.
   Will:      It increases your willpower.
   Stlth:     It makes you more stealthy.
Jewellery
 p - an amulet of regeneration (around neck)
 D - a ring of protection from cold (right hand)
 I - a ring of ice
 K - an amulet of guardian spirit
 V - a ring of willpower (left hand)
 Y - a ring of resist corrosion
Wands
 x - a wand of flame (21)
 E - a wand of roots (7)
 X - a wand of mindburst (5)
Scrolls
 a - 6 scrolls of fear
 d - 4 scrolls of magic mapping
 e - 6 scrolls of teleportation
 f - 2 scrolls of brand weapon {unknown}
 h - a scroll of noise {unknown}
 i - a scroll of identify
 k - 4 scrolls of enchant armour
 o - 3 scrolls of silence {unknown}
 r - a scroll of acquirement {unknown}
 w - 4 scrolls of blinking {unknown}
 z - 3 scrolls of immolation
 A - a scroll of enchant weapon {unknown}
 B - 5 scrolls of poison
 C - 2 scrolls of fog {unknown}
 P - a scroll of amnesia {unknown}
 R - a scroll of vulnerability {unknown}
 T - 3 scrolls of summoning {unknown}
Potions
 b - a potion of might {unknown}
 c - 2 potions of invisibility
 g - 3 potions of lignification
 j - 2 potions of haste {unknown}
 l - 10 potions of curing
 q - 6 potions of brilliance
 t - 4 potions of berserk rage
 u - 5 potions of mutation {unknown}
 H - a potion of ambrosia {unknown}
 J - a potion of resistance {unknown}
 N - 2 potions of heal wounds {unknown}
 O - a potion of magic {unknown}
 Q - 5 potions of attraction {unknown}
 S - a potion of degeneration {unknown}


   Skills:
 * Level 6.2 Fighting
 + Level 4.6 Short Blades
 + Level 4.0 Throwing
 + Level 3.8 Armour
 + Level 8.8 Dodging
 + Level 10.0 Stealth
 * Level 5.8 Shields
 + Level 8.3 Spellcasting
 + Level 3.7 Conjurations
 - Level 6.0 Hexes
 + Level 4.0 Ice Magic
 * Level 7.7 Invocations
 + Level 5.0 Evocations


You had 12 spell levels left.
You knew the following spells:

 Your Spells              Type           Power      Damage    Failure   Level
a - Ensorcelled Hibernat  Hex/Ice        72%        N/A       3%          2
b - Confusing Touch       Hex            41%        N/A       4%          3
c - Tukima's Dance        Hex            41%        N/A       4%          3
d - Dazzling Flash        Conj/Hex       70%        N/A       8%          3
e - Fulminant Prism       Conj/Hex       17%        3d11      26%         4

Your spell library contained the following spells:

 Spells                   Type           Power      Damage    Failure   Level
 Magic Dart               Conj           100%       1d8       4%          1
 Searing Ray              Conj           58%        2d6       6%          2
 Yara's Violent Unravell  Hex/Tmut       12%        3d7       83%         5
 Passage of Golubria      Tloc           10%        N/A       88%         4
 Enfeeble                 Hex            20%        N/A       100%        7


Dungeon Overview and Level Annotations

Branches:
Dungeon (13/15) Zot: 26486  Temple (1/1) D:4 Zot: 5969    Lair (1/5) D:8 Zot: 5921
    Orc (0/2) D:12          Sewer (visited)          Bailey (visited)
 Vaults: D:13-14

Altars:
Ashenzari
Cheibriados
Dithmenos
Elyvilon
Fedhas
Gozag
Hepliaklqana
Kikubaaqudgha
Makhleb
Nemelex Xobeh
Okawaru
Qazlal
Ru
Sif Muna
Trog
Uskayaw
Vehumet
Wu Jian
Xom
Yredelemnul
Zin
The Shining One

Shops:
D:1 [


Innate Abilities, Weirdness & Mutations

You are very small and have problems with some larger weapons.
You are too small for most types of armour.
You have supernaturally acute eyesight. (SInv)
You cover ground extremely quickly. (Speed+++)


Message History

You feel extremely sick.
Unknown command.
You feel very sick.
The helpless Sonja fails to defend herself.
You perforate Sonja like a sieve!!!
You kill Sonja!
Dithmenos accepts your kill.
You feel very sick.
You kill the rime drake!
Dithmenos accepts your kill.
Your Throwing skill increases to level 4!
Your Stealth skill increases to level 10!
Your Evocations skill increases to level 5!
Unknown command.
Casting: Ensorcelled Hibernation (safe; 3% risk of failure)
Confirm with . or Enter, or press ? or * to list all spells.
You feel a surge of power!
Your hands begin to glow red.
You feel sick.
You hit the seven-headed hydra but do no damage.
You feel sick.
You block the seven-headed hydra's attack.
The seven-headed hydra bites you!
You block the seven-headed hydra's attack.
The seven-headed hydra bites you but does no damage.
The seven-headed hydra closely misses you.
The seven-headed hydra completely misses you.
The seven-headed hydra bites you.
The seven-headed hydra barely misses you.
The seven-headed hydra bites you. x2; The seven-headed hydra bites you!
* * * LOW HITPOINT WARNING * * *
The seven-headed hydra bites you.
* * * LOW HITPOINT WARNING * * *
The seven-headed hydra bites you!
* * * LOW HITPOINT WARNING * * *
You block the seven-headed hydra's attack.
Unknown command.
You feel better. The seven-headed hydra misses you. x2
The seven-headed hydra completely misses you. x2
You block the seven-headed hydra's attack.
The seven-headed hydra bites you!
You die...

#...##..†.###....## #..
#....# ......# ##
...#....###....####P#.
.........##P...........
..........##...........
....#...........^......
....#.........†........
... #.#######...###.##
#. #. #>.@# ..
........D...# #.
...........##
.............
...............
...........####
.#..####.#### ##. #.#


You could see a seven-headed hydra.

Vanquished Creatures
  2 vault guards (Bailey)
  3 hydras
  2 two-headed ogres
  2 tengu warriors (D:13)
  Sonja (Lair:1)
  Amaemon (D:10)
  Pikel (D:5)
  A cyclops (D:12)
  A manticore (D:12)
  An elephant (D:8)
  A gargoyle (D:11)
  A kobold demonologist (D:11)
  An orange demon (D:10)
  A rime drake (Lair:1)
  3 unseen horrors
  A komodo dragon (D:12)
  A freezing wraith (D:13)
  A tengu conjurer (D:13)
  A troll (shapeshifter) (D:10)
  A troll (D:12)
  Prince Ribbit (Bailey)
  A hornet (D:8)
  2 vampires
  4 humans (Bailey)
  6 yaks
  A wraith (D:9)
  2 wyverns
  A steam dragon (D:9)
  7 vampire mosquitoes
  2 basilisks
  2 acid dragons
  A water moccasin (D:6)
  6 orc warriors
  A sky beast (D:7)
  2 black bears
  4 ogres (D:12)
  2 centaurs
  4 phantoms
  6 kobold brigands
  Blork the orc (D:5)
  15 bullfrogs
  2 necrophages
  4 gnoll sergeants (D:12)
  6 scorpions
  3 killer bees (D:7)
  An electric eel (D:6)
  7 howler monkeys
  2 hounds (D:6)
  3 jellies
  5 orc priests
  Crazy Yiuf (D:3)
  Jessica (D:2)
  A gnoll bouda (D:6)
  3 iguanas
  Ijyb (D:3)
  7 orc wizards
  A hell rat (Sewer)
  Robin (D:2)
  9 gnolls
  9 adders
  4 river rats
  2 shadow imps
  5 white imps
  A worm (D:2)
  3 dart slugs (D:4)
  30 orcs
  4 bats
  14 endoplasms
  6 giant cockroaches
  19 hobgoblins
  3 jackals (D:2)
  40 kobolds
  3 quokkas
  4 ball pythons
  4 frilled lizards
  21 goblins
  12 rats
  A butterfly (D:6)
341 creatures vanquished.

Vanquished Creatures (collateral kills)
  2 gnolls (D:12)
  An orc (D:4)
3 creatures vanquished.

Vanquished Creatures (others)
  A shadow (D:12)
  A dancing weapon (Bailey)
  An orc warrior (D:8)
  2 killer bees (D:7)
  An adder (D:5)
  A white imp (D:5)
  A fulminant prism (D:13)
  7 fungi (D:2)
  6 toadstools (D:2)
21 creatures vanquished.

Grand Total: 365 creatures vanquished

Notes
Turn   | Place    | Note
-------+----------+-------------------------------------------
     0 | D:1      | protoss039 the Spriggan Enchanter began the quest for the
                  | Orb.
     0 | D:1      | Reached XP level 1. HP: 9/9 MP: 5/5
   383 | D:1      | Found Ucrara Uphu's Antique Armour Emporium.
   679 | D:1      | Reached XP level 2. HP: 13/13 MP: 6/6
   682 | D:1      | Learned a level 2 spell: Ensorcelled Hibernation
   848 | D:1      | Found a faded altar of an unknown god.
  1306 | D:2      | Noticed Robin
  1324 | D:2      | Killed Robin
  1325 | D:2      | Reached XP level 3. HP: 17/17 MP: 0/8
  1905 | D:2      | Reached skill level 1 in Fighting
  1905 | D:2      | Reached skill level 5 in Stealth
  1905 | D:2      | Reached skill level 1 in Ice Magic
  1905 | D:2      | Reached XP level 4. HP: 22/22 MP: 9/9
  1962 | D:2      | Noticed Jessica
  1971 | D:2      | Killed Jessica
  2016 | D:2      | Found an ornate altar of the Wu Jian Council.
  2319 | D:2      | Reached XP level 5. HP: 20/25 MP: 4/10
  2785 | D:2      | Learned a level 3 spell: Confusing Touch
  2789 | D:2      | Learned a level 3 spell: Tukima's Dance
  3539 | D:3      | Found a blossoming altar of Fedhas.
  3575 | D:3      | Found a runed translucent door.
  3576 | D:3      | Noticed Crazy Yiuf
  3578 | D:3      | Noticed Ijyb
  3582 | D:3      | Killed Ijyb
  3585 | D:3      | Killed Crazy Yiuf
  3586 | D:3      | Reached XP level 6. HP: 30/30 MP: 3/12
  4186 | D:4      | Reached skill level 1 in Shields
  4268 | D:4      | Reached skill level 5 in Dodging
  4278 | D:4      | Found a staircase to the Ecumenical Temple.
  4348 | Temple   | Entered the Ecumenical Temple
  4391 | Temple   | Became a worshipper of Dithmenos the Shadowed
  4800 | D:5      | Entered Level 5 of the Dungeon
  4901 | D:4      | Reached skill level 5 in Hexes
  4901 | D:4      | Reached XP level 7. HP: 34/34 MP: 9/14
  4916 | D:4      | Reached skill level 1 in Invocations
  5057 | D:4      | Reached skill level 6 in Stealth
  5166 | D:4      | Reached skill level 5 in Spellcasting
  5305 | D:5      | Noticed Pikel
  5320 | D:5      | Reached * piety under Dithmenos
  5342 | D:5      | Killed Pikel
  5343 | D:5      | Reached XP level 8. HP: 39/39 MP: 2/17
  5383 | D:5      | Noticed Blork the orc
  5409 | D:5      | Killed Blork the orc
  5913 | D:5      | Identified the +0 ring mail of the Journeyman {+Inv rCorr}
  6376 | D:6      | Identified the +1 cloak of the Eternal Fruit {-Cast rN+
                  | rCorr}
  6436 | D:6      | Reached XP level 9. HP: 44/44 MP: 9/19
  6530 | D:6      | Found a burning altar of Makhleb.
  6532 | D:6      | Found a sacrificial altar of Ru.
  6535 | D:6      | Found an ancient bone altar of Kikubaaqudgha.
  6536 | D:6      | Found a glowing silver altar of Zin.
  6536 | D:6      | Found a bloodstained altar of Trog.
  6536 | D:6      | Found an iron altar of Okawaru.
  6536 | D:6      | Found a snail-covered altar of Cheibriados.
  6537 | D:6      | Found a shimmering blue altar of Sif Muna.
  6538 | D:6      | Found a glowing golden altar of the Shining One.
  6539 | D:6      | Found an ornate altar of the Wu Jian Council.
  6540 | D:6      | Found a radiant altar of Vehumet.
  6581 | D:6      | Found a shimmering altar of Xom.
  6611 | D:6      | Reached skill level 1 in Evocations
  6803 | D:6      | Reached ** piety under Dithmenos
  6806 | D:6      | Found a glowing drain.
  6812 | D:6      | Reached skill level 1 in Armour
  6813 | Sewer    | Entered a sewer
  6877 | Sewer    | Reached skill level 7 in Stealth
  7238 | D:7      | Reached skill level 1 in Throwing
  7464 | D:7      | Found a stormy altar of Qazlal.
  7547 | D:7      | Found a basalt altar of Yredelemnul.
  7972 | D:7      | Learned a level 3 spell: Dazzling Flash
  8192 | D:8      | Found a staircase to the Lair.
  8193 | D:8      | Noticed an elephant
  8232 | D:8      | Reached *** piety under Dithmenos
  8373 | D:8      | Killed an elephant
  8457 | D:8      | Reached skill level 1 in Conjurations
  8637 | D:9      | Reached XP level 10. HP: 49/49 MP: 18/21
  8865 | D:9      | Found a flagged portal.
  8908 | Bailey   | Entered a bailey
  8923 | Bailey   | Reached skill level 5 in Invocations
  9354 | Bailey   | Reached **** piety under Dithmenos
  9488 | Bailey   | Noticed Prince Ribbit
  9488 | Bailey   | Noticed a vault guard
  9500 | Bailey   | Killed Prince Ribbit
  9501 | Bailey   | Reached skill level 8 in Stealth
  9513 | Bailey   | Killed a vault guard
  9573 | Bailey   | Noticed a vault guard
  9593 | Bailey   | Killed a vault guard
  9956 | D:10     | Entered Level 10 of the Dungeon
  9987 | D:9      | Reached XP level 11. HP: 20/54 MP: 17/23
 10110 | D:10     | Noticed a two-headed ogre
 10126 | D:10     | Killed a two-headed ogre
 10127 | D:10     | Reached skill level 5 in Fighting
 10165 | D:10     | Noticed Amaemon
 10181 | D:10     | Killed Amaemon
 10584 | D:10     | Reached skill level 9 in Stealth
 10714 | D:10     | Learned a level 4 spell: Fulminant Prism
 10774 | D:11     | Noticed a five-headed hydra
 11075 | D:11     | Reached skill level 5 in Shields
 11114 | D:11     | Found an iron altar of Okawaru.
 11322 | D:11     | Reached ***** piety under Dithmenos
 11378 | D:11     | Killed a five-headed hydra
 11552 | D:11     | Noticed a five-headed hydra
 11592 | D:11     | Killed a five-headed hydra
 11774 | D:12     | Found a staircase to the Orcish Mines.
 12366 | D:12     | Reached XP level 12. HP: 60/60 MP: 21/25
 12549 | D:12     | Noticed a two-headed ogre
 12572 | D:12     | Killed a two-headed ogre
 12695 | D:12     | Identified the +0 buckler "Hero's Friend" {Will+ rCorr
                  | Str-5 Stlth+}
 12834 | D:13     | Noticed a tengu warrior
 12838 | D:13     | Killed a tengu warrior
 12984 | D:13     | Noticed a tengu warrior
 12992 | D:13     | Killed a tengu warrior
 13032 | D:13     | Noticed a death knight
 13211 | D:13     | Noticed a vault guard
 13525 | Lair:1   | Entered Level 1 of the Lair of Beasts
 13556 | Lair:1   | Noticed a five-headed hydra
 13568 | Lair:1   | Killed a five-headed hydra
 13598 | Lair:1   | Noticed a seven-headed hydra
 13602 | Lair:1   | Noticed Sonja
 13609 | Lair:1   | Killed Sonja
 13610 | Lair:1   | Reached skill level 10 in Stealth
 13610 | Lair:1   | Reached skill level 5 in Evocations
 13611 | Lair:1   | HP: 1/61 [seven-headed hydra (9)]
 13612 | Lair:1   | Slain by a seven-headed hydra

Illustrated notes

Levels and vault maps discovered:
D:1:      lemuel_arrival_funnel, layout_basic, serial_shops,
          nicolae_shop_hallway_plus, shapermc_ecumenical_altar_venn
D:2:      cheibrodos_fertilizer, layout_loops_ring, basic_altar,
          minmay_misc_feat_cross, minmay_heptomino_w4, uniq_jessica, uniq_robin
D:3:      layout_rooms, lemuel_coloured_pillars_altar, serial_curves,
          eino_curves_04, eino_curves_01, eino_curves_01,
          uniq_crazy_yiuf_cottage, uniq_ijyb
D:4:      kb_forest_paths, layout_basic, minmay_temple_entry_waves
D:5:      layout_basic, minmay_misc_feat_pillars, minmay_joined_circles,
          uniq_blork_the_orc, uniq_pikel
D:6:      layout_basic, minitemple, xom_butterflies, portal_sewer_entry_e,
          serial_bayou_ford_a
D:7:      layout_loops_ring, grunt_qazlal_clouds, mainiacjoe_overflow_boulevard,
          hangedman_glass_teeth
D:8:      layout_basic, david_lair_generic
D:9:      layout_rooms, enter_bailey_3
D:10:     layout_cave_pools, uniq_amaemon
D:11:     layout_small_grid, kennysheep_okawaru_gauntlet
D:12:     layout_irregular_city, kennysheep_orc_monster_closet_entryway,
          serial_park_tiny_pond
D:13:     layout_irregular_city, grunt_vaults_entry_fortified
Temple:   nicolae_temple_ecumenical_triangle
Lair:1:   layout_gridlike, uniq_sonja

Skill      XL: |  1  2  3  4  5  6  7  8  9 10 11 12 |
---------------+-------------------------------------+-----
Dodging        | 3 4 5 6 7 8 |  8.8
Spellcasting   | 3 4 5 6 7 8 |  8.3
Fighting       | 1 2 3 4 5 6 |  6.2
Stealth        | 5 6 7 8 9 10 | 10.0
Hexes          | 4 5 6 |  6.0
Ice Magic      | 1 2 3 4 |  4.0
Short Blades   | 2 3 4 |  4.6
Shields        | 1 2 3 4 5 |  5.8
Invocations    | 2 3 4 6 7 |  7.7
Evocations     | 2 3 4 5 |  5.0
Armour         | 2 3 |  3.8
Throwing       | 1 2 3 4 |  4.0
Conjurations   | 1 2 3 |  3.7

Action                   |  1- 3 |  4- 6 |  7- 9 | 10-12 || total
-------------------------+-------+-------+-------+-------++-------
Melee: Dagger            |    80 |   148 |   212 |   370 ||   810
       Punch             |       |     1 |       |       ||     1
       Quarterstaff      |       |       |       |    20 ||    20
Throw: Dart              |       |       |       |     1 ||     1
 Cast: Ensorcelled Hiber |    22 |    39 |    69 |   119 ||   249
       Confusing Touch   |       |     3 |     8 |    29 ||    40
       Tukima's Dance    |       |       |     1 |    12 ||    13
       Dazzling Flash    |       |       |       |     5 ||     5
       Fulminant Prism   |       |       |       |     1 ||     1
Evoke: Wand              |       |     4 |     6 |     9 ||    19
  Use: Scroll            |       |     4 |     5 |     3 ||    12
       Potion            |       |       |       |     1 ||     1
 Stab: Sleeping          |    21 |    40 |    61 |    84 ||   206
       Distracted        |     1 |       |       |     1 ||     2
       Confused          |       |     2 |     8 |    32 ||    42
       Invisible         |       |       |       |     3 ||     3
Armor: Robe              |     6 |    22 |    26 |    36 ||    90
Dodge: Dodged            |    51 |   106 |   153 |   408 ||   718
Block: Buckler           |       |    13 |    70 |   169 ||   252
